 Dungeon Crawl Stone Soup version 0.29.1 (webtiles) character file.

Game seed: 15499745429193698600

952 concernfroge the Fighter (level 7, -1/65 HPs)
             Began as a Mummy Monk on Sept 13, 2022.
             Was an Initiate of Ru.
             Slain by Crazy Yiuf
             ... wielding a +2 quarterstaff of chaos
              (2 damage)
             ... while petrified by Crazy Yiuf
             ... on level 4 of the Dungeon.
             The game lasted 00:10:43 (4710 turns).

concernfroge the Fighter (Mummy Monk)               Turns: 4710, Time: 00:10:44

Health: -1/65      AC:  4    Str: 20    XL:     7   Next: 90%
Magic:  4/7        EV:  2    Int:  7    God:    Ru [......]
Gold:   103        SH:  0    Dex: 14    Spells: 6/6 levels left

rFire   x . .      SeeInvis +   o - +1 mace (vorpal)
rCold   + . .      Faith    .   p - +0 buckler
rNeg    + + +      Spirit   .   c - +0 ring mail
rPois   ∞          Reflect  .   (no helmet)
rElec   .          Harm     .   k - -2 cloak of Biran {rPois rCorr Str+3}
rCorr   +          Rampage  .   (no gloves)
Will    .....                   (no boots)
Stlth   +.........              (no amulet)
HPRegen 0.20/turn               j - ring of see invisible
MPRegen 0.10/turn               (no ring)

@: petrified
A: cold resistance 1, dopey 1, negative energy resistance 3, torment resistance
2, heat vulnerability 1, in touch with death 1, no potions
a: Renounce Religion


You were on level 4 of the Dungeon.
You worshipped Ru.
Ru was noncommittal.
You visited 2 branches of the dungeon, and saw 5 of its levels.

You collected 103 gold pieces.

Inventory:

Hand Weapons
 a - a +0 spear
 o - a +1 vorpal mace (weapon)
Missiles
 d - 4 javelins
 n - 6 poisoned darts (quivered)
Armour
 c - a +0 ring mail (worn)
 k - the -2 cloak of Biran (worn) {rPois rCorr Str+3}
   (You found it on level 3 of the Dungeon)

   Str:       It affects your strength (+3).
   rPois:     It protects you from poison.
   rCorr:     It protects you from acid and corrosion.
 p - a +0 buckler (worn)
Jewellery
 j - a ring of see invisible (left hand)
Scrolls
 b - a scroll of immolation
 g - a scroll of summoning
 i - a scroll of identify {unknown}
 l - 2 scrolls of enchant weapon {unknown}
 m - a scroll of acquirement {unknown}


   Skills:
 + Level 9.6 Fighting
 - Level 2.4 Polearms
 - Level 2.4 Dodging
 - Level 1.5 Stealth


You had 6 spell levels left.
You didn't know any spells.
Your spell library contained the following spells:

 Spells                   Type           Power      Damage    Failure   Level
 Olgreb's Toxic Radiance  Pois           0%         N/A       100%        4
 Ozocubu's Refrigeration  Ice            0%         4d7       100%        7
 Ignition                 Fire           0%         3d3       100%        8


Dungeon Overview and Level Annotations

Branches:
Dungeon (4/15)             Temple (1/1) D:4

Altars:
Dithmenos
Gozag
Hepliaklqana
Kikubaaqudgha
Makhleb
Nemelex Xobeh
Ru
Trog
Xom
Yredelemnul

Annotations:
D:4 Crazy Yiuf


Innate Abilities, Weirdness & Mutations

You are immune to poison.
Your flesh is cold resistant. (rC+)
You are dopey. (Int -2)
You are immune to negative energy. (rN+++)
You are immune to unholy pain and torment.
You are vulnerable to heat. (rF-)
You are in touch with the powers of death.
You do not drink.


Message History

You thump the adder!
You kill the adder!
No target in view!
No target in view!
You see here an adder corpse.
Found a hammer.
Found a runed translucent door.
Crazy Yiuf shouts!
Crazy Yiuf screams, "Papa!
Race down blue."
Crazy Yiuf says, "Whiteboard!
Snurf Orb Guardian infinity."
You see here an adder corpse.
You see here an adder corpse.
You drop a +0 cloak.
Okay, then.
You open the door. You barely miss Crazy Yiuf.
Crazy Yiuf hits you with a +2 quarterstaff of chaos!
Crazy Yiuf freezes you.
Crazy Yiuf hits you with a +2 quarterstaff of chaos!
You are slowing down.
You closely miss Crazy Yiuf.
Crazy Yiuf hits you with a +2 quarterstaff of chaos.
Crazy Yiuf burns you.
Crazy Yiuf hits you with a +2 quarterstaff of chaos.
You feel your power leaking away.
You have turned to stone.
Crazy Yiuf hits you with a +2 quarterstaff of chaos!
You are electrocuted!
Crazy Yiuf hits you with a +2 quarterstaff of chaos!
* * * LOW HITPOINT WARNING * * *
Crazy Yiuf burns you!
* * * LOW HITPOINT WARNING * * *
Crazy Yiuf hits you with a +2 quarterstaff of chaos!
* * * LOW HITPOINT WARNING * * *
Crazy Yiuf burns you.
* * * LOW HITPOINT WARNING * * *
Crazy Yiuf hits you with a +2 quarterstaff of chaos.
* * * LOW HITPOINT WARNING * * *
Crazy Yiuf freezes you.
Crazy Yiuf hits you with a +2 quarterstaff of chaos.
You die...

...##...# #.#......##
._.>..#####.########
......#.....# ......#.#####
.#....#.## .#.......#
####### .#....#..# ###
###.#.P.### .#.....#!#
#...##..#.P....##
.......#.#
#...g@####......#
.......#.# #)..### ##..#..#
.#.....'.# ### ####..#
.#.>...#.# #†## .#.....+.#
#.# .#.....####
#############.#
.....'###.###.....#..#....#
....###..........##..##.#.#
#...# #.......##.##..##.#.#


You could see Crazy Yiuf.

Vanquished Creatures
  Pikel (D:4)
  A lemure (D:4)
  4 scorpions (D:4)
  A hound (D:4)
  A jelly (D:4)
  3 orc wizards
  8 adders
  2 ufetubi
  3 worms
  A dart slug (D:3)
  7 orcs
  6 ball pythons
  9 endoplasms
  5 giant cockroaches
  6 goblins
  9 hobgoblins
  A quokka (D:3)
  5 bats
  3 frilled lizards
  7 kobolds
83 creatures vanquished.

Vanquished Creatures (collateral kills)
  An endoplasm (D:4)
  A kobold (D:4)
2 creatures vanquished.

Vanquished Creatures (others)
  A fungus (D:4)
1 creature vanquished.

Grand Total: 86 creatures vanquished

Notes
Turn   | Place    | Note
-------+----------+-------------------------------------------
     0 | D:1      | concernfroge the Mummy Monk began the quest for the Orb.
     0 | D:1      | Reached XP level 1. HP: 18/18 MP: 1/1
   277 | D:1      | Reached XP level 2. HP: 19/24 MP: 2/2
   476 | D:1      | Found a faded altar of an unknown god.
   688 | D:1      | Reached skill level 4 in Fighting
  1154 | D:3      | Gained mutation: You are in touch with the powers of death.
                  | [Mummy growth]
  1154 | D:3      | Reached XP level 3. HP: 6/30 MP: 3/3
  1692 | D:3      | Reached XP level 4. HP: 35/38 MP: 4/4
  1712 | D:3      | Identified the -2 cloak of Biran {rPois rCorr Str+3}
  1763 | D:3      | Reached skill level 5 in Fighting
  2486 | D:4      | Reached XP level 5. HP: 31/46 MP: 5/5
  2512 | D:3      | Reached skill level 6 in Fighting
  2874 | D:4      | Reached XP level 6. HP: 21/53 MP: 6/6
  3117 | D:4      | Reached skill level 7 in Fighting
  3303 | D:4      | Found a sparkling altar of Nemelex Xobeh.
  3737 | D:4      | Noticed Pikel
  3768 | D:4      | Killed Pikel
  3769 | D:4      | Reached skill level 9 in Fighting
  3769 | D:4      | Reached XP level 7. HP: 14/64 MP: 7/7
  4040 | D:4      | Found a staircase to the Ecumenical Temple.
  4052 | Temple   | Entered the Ecumenical Temple
  4124 | Temple   | Became a worshipper of Ru the Awakened
  4139 | D:4      | Gained mutation: You are dopey. (Int -2) [Ru sacrifice]
  4644 | D:4      | Found a runed translucent door.
  4645 | D:4      | Noticed Crazy Yiuf
  4709 | D:4      | HP: 1/65 [Crazy Yiuf/+2 quarterstaff of chaos (3)]
  4710 | D:4      | Slain by Crazy Yiuf

Illustrated notes

Levels and vault maps discovered:
D:1:      lightli_arrival_maybe_door_vault, layout_basic,
          hellmonk_ecumenical_altar_heavens_door, minmay_pentomino_p2
D:2:      layout_rooms, nicolae_titane
D:3:      layout_basic
D:4:      layout_basic, mainiacjoe_overflow_boulevard,
          minmay_temple_entry_slanted, minivault_23, corexii_leaking_fountain,
          grunt_ministairs_12, minmay_pentomino_pile, uniq_pikel,
          uniq_crazy_yiuf_cottage
Temple:   eino_temple_lava

Skill      XL: |  1  2  3  4  5  6 |
---------------+-------------------+-----
Fighting       | 4 5 6 9 |  9.6
Polearms       | |  2.4
Dodging        | |  2.4
Stealth        | |  1.5

Action                   |  1- 3 |  4- 6 |  7- 9 || total
-------------------------+-------+-------+-------++-------
Melee: Spear             |   155 |   134 |       ||   289
       Punch             |       |     1 |       ||     1
       Mace              |       |    56 |    23 ||    79
Throw: Dart              |     1 |     8 |       ||     9
Invok: Sacrifice Purity  |       |       |     1 ||     1
  Use: Scroll            |       |     4 |     1 ||     5
 Stab: Sleeping          |       |     1 |       ||     1
Armor: Ring mail         |    54 |    42 |     2 ||    98
Dodge: Dodged            |    71 |   107 |    11 ||   189
Block: Buckler           |       |    10 |     5 ||    15
